 Dungeon Crawl Stone Soup version 0.21.1-1-g345015f (webtiles) character file.

20 inc the Vexing (level 2, 0/11 HPs)
             Began as a Felid Enchanter on Feb 22, 2018.
             Slain by a worker ant (8 damage)
             ... on level 4 of the Dungeon.
             The game lasted 00:02:00 (1441 turns).

inc the Vexing (Felid Enchanter)                    Turns: 1441, Time: 00:02:01

Health: 0/11       AC:  1    Str:  4    XL:     2   Next: 58%
Magic:  0/6        EV: 18    Int: 16    God:
Gold:   73         SH:  0    Dex: 16    Spells: 2/5 levels left
                                        Lives:  0   Deaths: 0

rFire    . . .     SeeInvis +     - Unarmed
rCold    . . .     Gourm    .   (shield unavailable)
rNeg     . . .     Faith    .   (armour unavailable)
rPois    .         Spirit   .   (helmet unavailable)
rElec    .         Reflect  .   (cloak unavailable)
rCorr    .         Harm     .   (gloves unavailable)
MR       .....                  (boots unavailable)
Stlth    +++.......             (no amulet)
HPRegen  0.03/turn              (no ring)
MPRegen  0.10/turn              (no ring)

@: quick
A: very small, no armour, no weapons or thrown items, stealth, claws 1, fangs 3,
see invisible, carnivore, speed 1, shaggy fur 1, slow metabolism 1, sharp paws
a: no special abilities


You were on level 4 of the Dungeon.
You were not hungry.

You visited 1 branch of the dungeon, and saw 4 of its levels.

You collected 73 gold pieces.

Inventory:

Scrolls
 c - a scroll of remove curse {unknown}
 d - a scroll of identify {unknown}
 e - a scroll of enchant weapon {unknown}
Books
 a - a book of Maledictions

   Spells                             Type                      Level
   a - Corona                         Hexes                        1
   b - Ensorcelled Hibernation        Hexes/Ice                    2
   c - Confuse                        Hexes                        3
   d - Tukima's Dance                 Hexes                        3
   e - Dazzling Spray                 Conjuration/Hexes            3
Comestibles
 b - 4 rations


   Skills:
 - Level 2.6 Dodging
 - Level 4.0 Stealth
 + Level 2.6 Unarmed Combat
 - Level 2.0 Spellcasting
 - Level 4.4 Hexes


You had 2 spell levels left.
You knew the following spells:

 Your Spells              Type           Power        Failure   Level  Hunger
a - Corona                Hex            ###....      3%          1    #......
b - Ensorcelled Hibernat  Hex/Ice        #.....       13%         2    ###....


Dungeon Overview and Level Annotations

Branches:
Dungeon (4/15)
 Temple: D:4-7

Altars:

Annotations:
D:2 Sigmund
D:3 Grinder


Innate Abilities, Weirdness & Mutations

You cannot wear armour.
You are incapable of wielding weapons or throwing items.
Your paws allow you to move quietly. (Stealth)
You have sharp claws.
You have razor-sharp teeth.
You have supernaturally acute eyesight. (SInv)
You are carnivorous and can eat meat at any time.
You cover ground quickly.
You are covered in fur. (AC +1)
You have a slow metabolism.
Your sharp claws are effective at attacking unaware monsters.


Message History

Confirm with . or Enter, or press ? or * to list all spells.
You don't know that spell.
Casting: Ensorcelled Hibernation
Confirm with . or Enter, or press ? or * to list all spells.
Aiming: Corona
Press: ? - help, Shift-Dir - straight line, f - worker ant
Aim: a worker ant (chance to defeat MR: 61%)
The worker ant is outlined in light.
The worker ant bites you.
You scratch the worker ant but do no damage.
The worker ant closely misses you. The worker ant barely misses you.
You scratch the worker ant but do no damage.
The worker ant closely misses you.
You scratch the worker ant.
The worker ant is lightly wounded.
The worker ant barely misses you.
You scratch the worker ant.
The worker ant is moderately wounded.
The worker ant bites you!
Ouch! That really hurt!
You die...

##....... ##.......#
#.........
#.........# #
#.........#. #..
#............ #..###
#..a.........
#....P##.@......#...
♣♣.%.............
♣P.P#............ #..
♣♣..#............
..♣♣P...............
#..$.P............#..
.#...P..............
....P.PP............
..#.♣♣♣..P........#.


You could see a worker ant.

Vanquished Creatures
  2 bats (D:2)
  3 giant cockroaches
  3 goblins
  A hobgoblin (D:2)
  3 frilled lizards
  3 kobolds
  4 rats
19 creatures vanquished.

Notes
Turn   | Place    | Note
-------+----------+-------------------------------------------
     0 | D:1      | inc the Felid Enchanter began the quest for the Orb.
     0 | D:1      | Reached XP level 1. HP: 7/7 MP: 4/4
   923 | D:2      | Reached XP level 2. HP: 10/11 MP: 6/6
   937 | D:2      | Learned a level 2 spell: Ensorcelled Hibernation
  1356 | D:2      | Noticed Sigmund
  1401 | D:3      | Noticed Grinder
  1441 | D:4      | Slain by a worker ant

Skill      XL: |  1 |
---------------+----+-----
Unarmed Combat | 2 |  2.6
Dodging        | |  2.6
Stealth        | |  4.0
Spellcasting   | |  2.0
Hexes          | |  4.4

Action                   || total
-------------------------++-------
Melee: Unarmed           ||    54
       Bite              ||     3
 Cast: Corona            ||     4
       Ensorcelled Hiber ||     6
 Stab: Sleeping          ||     9
  Eat: Chunk             ||     1
Armor: Skin              ||     6
Dodge: Dodged            ||    38
